 Dungeon Crawl Stone Soup version 0.31-a0-40-g1d5085d191 (webtiles) character file.

Game seed: 4718832498703397618

114 pk666 the Magician (level 4, 0/24 HPs)
             Began as a Deep Elf Fire Elementalist on May 18, 2023.
             Slain by a gnoll
             ... wielding a +0 flail
              (8 damage)
             ... on level 2 of the Dungeon.
             The game lasted 00:02:47 (1935 turns).

pk666 the Magician (Deep Elf Fire Elementalist)     Turns: 1935, Time: 00:02:48

Health: 0/24       AC:  3    Str:  5    XL:     4   Next: 67%
Magic:  3/12       EV: 13    Int: 22    God:
Gold:   26         SH:  0    Dex: 15    Spells: 8/11 levels left

rFire   . . .        (no weapon)
rCold   . . .        (no shield)
rNeg    . . .        a - +0 robe
rPois   .            (no helmet)
rElec   .            (no cloak)
rCorr   .            (no gloves)
SInv    .            h - +0 pair of boots
Will    .....        (no amulet)
Stlth   ++           (no ring)
HPRegen 0.24/turn    (no ring)
MPRegen 0.13/turn

%: no passive effects
@: no status effects
A: no striking features
a: no special abilities


You were on level 2 of the Dungeon.
You visited 1 branch of the dungeon, and saw 2 of its levels.

You collected 66 gold pieces.
You spent 40 gold pieces at shops.

Inventory:

Armour
 a - a +0 robe (worn)
 h - a +0 pair of boots (worn)
Scrolls
 e - 3 scrolls of identify {unknown}
 f - a scroll of blinking {unknown}
 g - 2 scrolls of teleportation {unknown}
Potions
 c - a potion of lignification {unknown}
 d - 2 potions of curing
 i - a potion of degeneration


   Skills:
 + Level 3.6 Dodging
 - Level 2.4 Stealth
 + Level 4.1 Spellcasting
 + Level 2.6 Conjurations
 + Level 4.1 Fire Magic


You had 8 spell levels left.
You knew the following spells:

 Your Spells              Type           Power      Damage    Failure   Level
a - Foxfire               Conj/Fire      76%        2x1d7     2%          1
b - Scorch                Fire           44%        2d7       3%          2

Your spell library contained the following spells:

 Spells                   Type           Power      Damage    Failure   Level
 Inner Flame              Hex/Fire       13%        N/A       14%         3
 Volatile Blastmotes      Fire/Tloc      26%        2d12      14%         3
 Flame Wave               Conj/Fire      19%        2d7       26%         4


Dungeon Overview and Level Annotations

Branches:
Dungeon (2/15)

Altars:

Shops:
D:2 !

Annotations:
D:2 Natasha


Message History

The gnoll's fire resistance burns away.
The gnoll hits you from afar with a +0 spear.
Casting: Scorch (safe; 3% risk of failure)
Confirm with . or Enter, or press ? or * to list all spells.
Flames lash the gnoll.
The gnoll is severely wounded.
The gnoll's fire resistance burns away.
The gnoll barely misses you.
Casting: Scorch (safe; 3% risk of failure)
Confirm with . or Enter, or press ? or * to list all spells.
You don't have enough magic to cast this spell.
Things that are here:
a +0 club; a goblin corpse The gnoll is no longer more vulnerable to fire.
The gnoll is no longer more vulnerable to fire.
Casting: Scorch (safe; 3% risk of failure)
Confirm with . or Enter, or press ? or * to list all spells.
You don't have enough magic to cast this spell.
Casting: Scorch (safe; 3% risk of failure)
Confirm with . or Enter, or press ? or * to list all spells.
You don't have enough magic to cast this spell.
Casting: Scorch (safe; 3% risk of failure)
Confirm with . or Enter, or press ? or * to list all spells.
Flames lash the gnoll.
The gnoll is lightly wounded.
The gnoll's fire resistance burns away.
The gnoll attacks as you move away! The gnoll misses you.
The gnoll is no longer more vulnerable to fire.
The gnoll attacks as you move away! The gnoll misses you.
The gnoll attacks as you move away! The gnoll hits you with a +0 flail!
The gnoll attacks as you move away! The gnoll misses you.
The gnoll attacks as you move away! The gnoll hits you with a +0 flail.
The gnoll attacks as you move away! The gnoll closely misses you.
The gnoll attacks as you move away! The gnoll misses you.
A rat comes into view.
The gnoll attacks as you move away! The gnoll hits you with a +0 flail.
* * * LOW HITPOINT WARNING * * *
The gnoll attacks as you move away! The gnoll barely misses you.
The gnoll attacks as you move away! The gnoll closely misses you.
The gnoll attacks as you move away! The gnoll hits you with a +0 flail!
You die...

### #### #.. #...# ....
#######...# ..... #.........#
.....###.........# ...
.................# ....
.................# .... #
..#.........@.r#####... .#..
.......#.....g......#+# .#.
.......'......g.....#.# .. .
.......#.##+###g....#.# .##.
.##)...)..#.#.......#.###....
....................'........
........#...........#.#......
g.......#...........#..b<....
..............#............##


You could see 3 gnolls and a rat.

Vanquished Creatures
  Natasha (twice) (D:2)
  Robin (D:2)
  A gnoll (D:2)
  An adder (D:2)
  4 ball pythons (D:1)
  2 bats (D:2)
  2 endoplasms (D:2)
  10 goblins
  3 hobgoblins
  4 kobolds
  2 frilled lizards (D:1)
  2 rats
34 creatures vanquished.

Vanquished Creatures (collateral kills)
  2 foxfires (D:2)
2 creatures vanquished.

Vanquished Creatures (others)
  137 foxfires
137 creatures vanquished.

Grand Total: 173 creatures vanquished

Notes
Turn   | Place    | Note
-------+----------+-------------------------------------------
     0 | D:1      | pk666 the Deep Elf Fire Elementalist began the quest for
                  | the Orb.
     0 | D:1      | Reached XP level 1. HP: 10/10 MP: 6/6
   392 | D:1      | Reached XP level 2. HP: 15/15 MP: 4/8
   438 | D:1      | Learned a level 2 spell: Scorch
  1352 | D:2      | Noticed Natasha
  1362 | D:2      | Killed Natasha
  1363 | D:2      | Reached XP level 3. HP: 17/19 MP: 2/10
  1488 | D:2      | Noticed Natasha
  1496 | D:2      | Killed Natasha
  1497 | D:2      | Reached XP level 4. HP: 16/24 MP: 4/11
  1520 | D:2      | Noticed Natasha
  1701 | D:2      | Found Duyvamom's Distillery.
  1784 | D:2      | Bought a potion of curing for 30 gold pieces
  1784 | D:2      | Bought a potion of degeneration for 10 gold pieces
  1810 | D:2      | Noticed Robin
  1835 | D:2      | Killed Robin
  1935 | D:2      | Slain by a gnoll

Illustrated notes

Levels and vault maps discovered:
D:1:      evilmike_arrival_hilbert_curve, layout_basic, minmay_statues_item
D:2:      layout_basic, shapermc_ecumenical_altar_mp_ritualfount, serial_shops,
          nicolae_shop_tiny_glass, grunt_decor_one_mirror, uniq_natasha,
          uniq_robin

Skill      XL: |  1  2  3  4 |
---------------+-------------+-----
Dodging        | 3 |  3.6
Conjurations   | 2 |  2.6
Spellcasting   | 4 |  4.1
Fire Magic     | 4 |  4.1
Stealth        | |  2.4

Action                     |  1- 3 |  4- 6 || total
---------------------------+-------+-------++-------
  Melee: Unarmed           |       |    10 ||    10
   Cast: Foxfire           |    62 |    17 ||    79
         Scorch            |     3 |    16 ||    19
    Use: Potion            |       |     2 ||     2
 Armour: Robe              |     2 |    14 ||    16
  Dodge: Dodged            |     1 |    37 ||    38

Table legend: (Time is in decaauts)
 A = Elapsed time spent in this place.
 B = Non-inter-level travel time spent in this place.
 C = Inter-level travel time spent in this place.
 D = Time resting spent in this place.
 E = Time spent auto-exploring this place.
 F = Levels seen in this place.
 G = Mean time per level.
                   A        B        C        D        E       F      G
               +--------+--------+--------+--------+--------+-----+--------+
         Total |   1940 |   1904 |     36 |    126 |   1460 |   2 |  970.0 |
       Dungeon |   1940 |   1904 |     36 |    126 |   1460 |   2 |  970.0 |
               +--------+--------+--------+--------+--------+-----+--------+

Top non-repeatable levels by time:
     D:1: 1190 daAuts
     D:2: 749 daAuts
